 Dungeon Crawl Stone Soup version 0.30-a0-852-g08b95dd62f (webtiles) character file.

Game seed: 8089249604031524166

691 cforsyth the Thaumaturge (level 7, -3/36 HPs)
             Began as a Deep Elf Earth Elementalist on Mar 5, 2023.
             Was an Initiate of Vehumet.
             Slain by a scorpion (7 damage)
             ... on level 5 of the Dungeon.
             The game lasted 00:04:34 (3099 turns).

cforsyth the Thaumaturge (DEEE)                     Turns: 3099, Time: 00:04:35

Health: -3/36      AC:  4    Str:  5    XL:     7   Next: 36%
Magic:  5/20       EV: 12    Int: 22    God:    Vehumet [......]
Gold:   172        SH:  0    Dex: 15    Spells: 18/22 levels left

rFire   . . .      SeeInvis .    (no weapon)
rCold   . . .      Faith    .    (no shield)
rNeg    . . .      Spirit   .    a - +0 robe
rPois   .          Reflect  .    g - +0 helmet
rElec   .          Rampage  .    f - +0 cloak
rCorr   .                        (no gloves)
Will    .....                    (no boots)
Stlth   ++                       (no amulet)
HPRegen 0.26/turn                (no ring)
MPRegen 0.17/turn                (no ring)

@: about to teleport
A: no striking features
a: Renounce Religion


You were on level 5 of the Dungeon.
You worshipped Vehumet.
Vehumet was noncommittal.
You visited 2 branches of the dungeon, and saw 8 of its levels.

You collected 172 gold pieces.

Inventory:

Missiles
 u - a throwing net
Armour
 a - a +0 robe (worn)
 f - a +0 cloak (worn)
 g - a +0 helmet (worn)
Jewellery
 s - an amulet of reflection
Wands
 p - a wand of flame (16)
Scrolls
 d - 6 scrolls of enchant armour {unknown}
 e - 2 scrolls of identify {unknown}
 h - a scroll of enchant weapon {unknown}
 l - a scroll of vulnerability {unknown}
 m - 2 scrolls of fear {unknown}
 n - a scroll of torment {unknown}
 o - 3 scrolls of fog {unknown}
 q - a scroll of teleportation
Potions
 b - a potion of magic
 c - 2 potions of flight {unknown}
 i - a potion of resistance {unknown}
 j - 3 potions of curing {unknown}
 k - 2 potions of heal wounds {unknown}
 r - 2 potions of lignification {unknown}
 t - 3 potions of attraction {unknown}
 v - a potion of mutation {unknown}


   Skills:
 - Level 2.4 Dodging
 - Level 2.4 Stealth
 + Level 8.1 Spellcasting
 - Level 1.1 Transmutations
 + Level 7.1 Earth Magic


You had 18 spell levels left.
You knew the following spells:

 Your Spells              Type           Power      Damage    Failure   Level
a - Sandblast             Erth           80%        2d17      1%          1
b - Stone Arrow           Conj/Erth      48%        3d10      4%          3

Your spell library contained the following spells:

 Spells                   Type           Power      Damage    Failure   Level
 Passwall                 Tmut/Erth      22%        N/A       1%          2
 Wereblood                Tmut           13%        N/A       7%          2
 Scorch                   Fire           16%        2d5       11%         2
 Sublimation of Blood     Necr           8%         N/A       11%         2
 Petrify                  Tmut/Erth      27%        N/A       14%         4
 Flame Wave               Conj/Fire      8%         2d5       58%         4
 Freezing Cloud           Conj/Ice/Air   4%         6-21      90%         5
 Simulacrum               Ice/Necr       4%         N/A       100%        6
 Summon Cactus Giant      Summ           4%         N/A       100%        6
 Summon Hydra             Summ           4%         N/A       100%        7
 Polar Vortex             Ice            4%         N/A       100%        9


Dungeon Overview and Level Annotations

Branches:
Dungeon (7/15)             Temple (1/1) D:7

Altars:
Cheibriados
Dithmenos
Elyvilon
Kikubaaqudgha
Makhleb
Nemelex Xobeh
Okawaru
Ru
Sif Muna
Uskayaw
Vehumet
Xom
Yredelemnul
Zin
The Shining One

Annotations:
D:5 Pikel
Temple 2 transporters


Message History

Casting: Stone Arrow (dangerous; 5% risk of failure)
Confirm with . or Enter, or press ? or * to list all spells.
Aiming: Sandblast (safe; 1% risk of failure)
Press: ? - help, Shift-Dir - straight line, f - orc
Aim: an orc, wielding a +0 dagger (84% to hit)
The blast of sand hits something!
Casting: Sandblast (safe; 1% risk of failure)
Confirm with . or Enter, or press ? or * to list all spells.
Aiming: Sandblast (safe; 1% risk of failure)
Press: ? - help, Shift-Dir - straight line, f/p - orc
Aim: an orc, wielding a +0 dagger (84% to hit)
The blast of sand hits something!!
Vehumet accepts your kill.
Reactivating autopickup.
You feel a bit more experienced.
You are too injured to fight recklessly!
Casting: Sandblast (safe; 1% risk of failure)
Confirm with . or Enter, or press ? or * to list all spells.
Aiming: Sandblast (safe; 1% risk of failure)
Press: ? - help, Shift-Dir - straight line, f/p - orc
Aim: an orc, wielding a +0 dagger (85% to hit)
The blast of sand hits the orc!
You kill the orc!
Vehumet accepts your kill.
A black bear comes into view.
You see here a +0 dagger.
There is a stone staircase leading up here.
You climb upwards.
Level annotation: Pikel The scorpion stings you.
The scorpion stings you but does no damage.
The iguana bites you!
* * * LOW HITPOINT WARNING * * *
There is a stone staircase leading down, spattered with blood here.
There are monsters nearby!
As you read the scroll labelled ASHRUL BULORE, it crumbles to dust.
You feel strangely unstable.
It was a scroll of teleportation.
The scorpion barely misses you. The orc closely misses you.
The scorpion stings you!
You die...

#####
#.#.#.#.##
........)#
.#.#.#s###
......K.@.#
#.#.#.#.#.#
..(o...#
#.#.#.#.#
.........#
#.#.# #.#.#
.... ....#
.# #. .#


You could see Pikel, a scorpion and an orc.

Vanquished Creatures
  An orc warrior (D:6)
  An ogre (D:5)
  A kobold brigand (D:7)
  A bullfrog (D:6)
  A howler monkey (D:6)
  A hound (D:4)
  A jelly (D:4)
  An orc priest (D:7)
  Jessica (D:2)
  2 iguanas (D:4)
  2 orc wizards
  5 adders
  An ufetubus (D:7)
  A worm (D:3)
  7 orcs
  6 ball pythons
  7 bats
  2 endoplasms
  12 goblins
  8 hobgoblins
  9 kobolds
  4 quokkas
  2 frilled lizards
  2 rats (D:2)
79 creatures vanquished.

Notes
Turn   | Place    | Note
-------+----------+-------------------------------------------
     0 | D:1      | cforsyth the Deep Elf Earth Elementalist began the quest
                  | for the Orb.
     0 | D:1      | Reached XP level 1. HP: 10/10 MP: 6/6
   150 | D:1      | Reached XP level 2. HP: 15/15 MP: 3/8
   581 | D:1      | Reached skill level 4 in Spellcasting
   758 | D:1      | Reached XP level 3. HP: 19/19 MP: 7/10
   809 | D:1      | Learned a level 3 spell: Stone Arrow
  1116 | D:2      | Reached XP level 4. HP: 24/24 MP: 9/12
  1132 | D:2      | Noticed Jessica
  1135 | D:2      | Killed Jessica
  1136 | D:2      | Reached skill level 5 in Spellcasting
  1787 | D:3      | Reached skill level 5 in Earth Magic
  1832 | D:3      | Reached XP level 5. HP: 28/28 MP: 11/14
  2242 | D:4      | Found an iron altar of Okawaru.
  2242 | D:4      | Found a glowing silver altar of Zin.
  2242 | D:4      | Found a sparkling altar of Nemelex Xobeh.
  2476 | D:4      | Reached skill level 6 in Spellcasting
  2538 | D:4      | Reached XP level 6. HP: 28/32 MP: 12/17
  2713 | D:4      | You fall into a shaft and drop 3 floors!
  2786 | D:7      | Found a staircase to the Ecumenical Temple.
  2795 | Temple   | Entered the Ecumenical Temple
  2795 | Temple   | Found a transporter.
  2795 | Temple   | Found a transporter.
  2797 | Temple   | Found a transporter.
  2797 | Temple   | Found a transporter.
  2813 | Temple   | Became a worshipper of Vehumet
  2871 | D:6      | Reached skill level 7 in Spellcasting
  2888 | D:5      | Entered Level 5 of the Dungeon
  2890 | D:5      | Noticed Pikel
  2891 | D:5      | Reached XP level 7. HP: 7/36 MP: 17/20
  3082 | D:6      | Reached skill level 8 in Spellcasting
  3099 | D:5      | Slain by a scorpion

Illustrated notes

Levels and vault maps discovered:
D:1:      minmay_arrival_split_and_join, layout_rooms, hangedman_decor_growths
D:2:      layout_loops_ring, uniq_jessica
D:3:      layout_basic, grunt_decor_mini_mirrors
D:4:      layout_cave_pools, chequers_temple_overflow_statue_of_worship
D:5:      layout_cave_pools, marbit_many_paths, st_stairs_10, uniq_pikel
D:6:      layout_loops_ring, uniq_duvessa
D:7:      layout_rooms, nicolae_ashenzari_panopticon,
          minmay_temple_entry_proselytizer, gammafunk_ghost_icy
Temple:   hellmonk_temple_divided_pantheon

Skill      XL: |  1  2  3  4  5  6  7 |
---------------+----------------------+-----
Spellcasting   | 4 5 6 7 8 |  8.1
Earth Magic    | 4 5 6 7 |  7.1
Dodging        | |  2.4
Stealth        | |  2.4
Transmutations | |  1.1

Action                     |  1- 3 |  4- 6 |  7- 9 || total
---------------------------+-------+-------+-------++-------
   Cast: Sandblast         |    50 |    56 |    11 ||   117
         Stone Arrow       |       |       |     5 ||     5
    Use: Scroll            |       |       |     1 ||     1
 Armour: Robe              |     9 |     2 |     1 ||    12
  Dodge: Dodged            |    10 |    12 |     5 ||    27

Table legend: (Time is in decaauts)
 A = Elapsed time spent in this place.
 B = Non-inter-level travel time spent in this place.
 C = Inter-level travel time spent in this place.
 D = Time resting spent in this place.
 E = Time spent auto-exploring this place.
 F = Levels seen in this place.
 G = Mean time per level.
                   A        B        C        D        E       F      G
               +--------+--------+--------+--------+--------+-----+--------+
         Total |   3157 |   3073 |     84 |    181 |   2337 |   8 |  394.6 |
       Dungeon |   3118 |   3034 |     84 |    181 |   2336 |   7 |  445.4 |
        Temple |     38 |     38 |      0 |      0 |      1 |   1 |   38.0 |
               +--------+--------+--------+--------+--------+-----+--------+

Top non-repeatable levels by time:
     D:1: 858 daAuts
     D:2: 830 daAuts
     D:3: 589 daAuts
     D:4: 481 daAuts
     D:6: 233 daAuts
     D:7: 118 daAuts
  Temple: 38 daAuts
     D:5: 7 daAuts
